 Dungeon Crawl Stone Soup version 0.31-a0-267-g3fc6992b3b (webtiles) character file.

Game seed: 4048390951381367130

32 qw the Shooter (level 3, -2/29 HPs)
             Began as a Minotaur Hexslinger on July 13, 2023.
             Slain by a goblin
             ... wielding a +0 dagger
             ... led by Robin
              (5 damage)
             ... on level 2 of the Dungeon.
             The game lasted 00:00:21 (1116 turns).

qw the Shooter (Minotaur Hexslinger)                Turns: 1116, Time: 00:00:22

Health: -2/29      AC:  5    Str: 11 (12) XL:     3   Next: 10%
Magic:  3/3        EV: 11    Int:  9 (10) God:
Gold:   66         SH:  0    Dex: 19 (20) Spells: 3/4 levels left

rFire   . . .        Y - +1 sling
rCold   . . .        (no shield)
rNeg    + . .        f - +0 ring mail
rPois   .            (helmet restricted)
rElec   .            (no cloak)
rCorr   .            (no gloves)
SInv    .            (no boots)
Will    .....        (no amulet)
Stlth   +            j - ring of positive energy
HPRegen 0.24/turn    l - +6 ring of dexterity
MPRegen 0.08/turn

%: no passive effects
@: no status effects
A: horns 2, retaliatory headbutt
a: no special abilities


You were on level 2 of the Dungeon.
You visited 1 branch of the dungeon, and saw 2 of its levels.

You collected 66 gold pieces.


Innate Abilities, Weirdness & Mutations

You have a pair of horns on your head.
You reflexively headbutt those who attack you in melee.


   Skills:
 - Level 2.0 Fighting
 + Level 3.7 Ranged Weapons
 - Level 2.1 Dodging
 - Level 1.0 Spellcasting
 - Level 2.0 Hexes


You had 3 spell levels left.
You knew the following spells:

 Your Spells              Type           Power      Damage    Failure   Level
a - Slow                  Hex            16%        N/A       36%         1

Your spell library contained the following spells:

 Spells                   Type           Power      Damage    Failure   Level
 Inner Flame              Hex/Fire       2%         N/A       87%         3
 Portal Projectile        Hex/Tloc       4%         N/A       87%         3
 Cause Fear               Hex            2%         N/A       98%         4

Inventory:

Hand Weapons
 Y - a +1 sling (weapon)
Armour
 f - a +0 ring mail (worn)
Jewellery
 j - a ring of positive energy (left hand)
 l - a +6 ring of dexterity (right hand)
Potions
 a - a potion of curing {unknown}
 i - a potion of lignification {unknown}
 k - a potion of berserk rage {unknown}

Dungeon Overview and Level Annotations

Branches:
Dungeon (2/15)

Altars:

Annotations:
D:2 Robin


Message History

The sling bullet barely misses the goblin.
The sling bullet hits the goblin!
You kill the goblin!
The goblin barely misses you. You furiously retaliate!
You headbutt the goblin!
You kill the goblin!
A goblin comes into view. It is wielding a +0 club.
The goblin hits you but does no damage.
You have reached level 3!
Your experience leads to an increase in your attributes!
Your base attributes are Str 12, Int 10, Dex 12.
Increase (S)trength, (I)ntelligence, or (D)exterity?
You feel agile. x2
You shoot a sling bullet.
The sling bullet barely misses the goblin.
The goblin shouts!
The sling bullet hits the hobgoblin but does no damage.
The goblin misses you. The goblin closely misses you. x3
Robin throws the goblin at you! The goblin completely misses you.
You shoot a sling bullet. The sling bullet hits the goblin.
The goblin is heavily wounded.
The goblin closely misses you.
Robin hits you from afar with a +0 trident.
The goblin hits you with a +0 dagger. The goblin hits you with a +0 club.
You shoot a sling bullet. The sling bullet hits the goblin.
You kill the goblin!
The goblin hits you with a +0 dagger.
Robin hits you from afar with a +0 trident.
The hobgoblin hits you. The goblin hits you with a +0 club.
You shoot a sling bullet. The sling bullet hits the hobgoblin!
You kill the hobgoblin!
Robin hits you from afar with a +0 trident.
The goblin barely misses you. The goblin hits you with a +0 club.
The goblin misses you. The goblin barely misses you. You furiously retaliate!
You headbutt the goblin!
You kill the goblin!
Robin closely misses you.
You shoot a sling bullet. The sling bullet hits the goblin.
You kill the goblin!
Robin hits you but does no damage. The goblin hits you with a +0 dagger.
You die...

#.# #.# ..# #.# ..#
####.# ..#
#....####### ).#
#.#....>...# ..#
####.......##.# .g#
........##.##.###)>#
.####.####.#...)@).#
.####(####(##.###g##
...#..~~~~.#### .#
##.#~~~~~~.# .#
#~~~~~~~~~.# .#
~~~~~~~~~~## ##
~~~~~~~~###
~~~~~~.## ~~~#.#.#


You could see Robin and a goblin (strong).

Vanquished Creatures
  3 endoplasms (D:1)
  2 hobgoblins
  3 jackals (D:1)
  2 quokkas (D:1)
  4 ball pythons
  3 frilled lizards
  9 goblins (D:2)
  2 kobolds (D:1)
  3 rats
31 creatures vanquished.

Notes
Turn   | Place    | Note
-------+----------+-------------------------------------------
     0 | D:1      | qw the Minotaur Hexslinger began the quest for the Orb.
     0 | D:1      | Reached XP level 1. HP: 16/16 MP: 1/1
     0 | D:1      | 0 ||| qw: Version: 0.3-a-52-g30416fa
     0 | D:1      | 0 ||| qw: Game counter: 7773
     0 | D:1      | 0 ||| qw: Melee chars always use a shield: true
     0 | D:1      | 0 ||| qw: God list: Okawaru
     0 | D:1      | 0 ||| qw: Allow faded altars: false
     0 | D:1      | 0 ||| qw: Do Orc after clearing Dungeon:15 true
     0 | D:1      | 0 ||| qw: Do second Lair branch before Depths: true
     0 | D:1      | 0 ||| qw: Lair rune preference: random
     0 | D:1      | 0 ||| qw: Goals: Normal
     0 | D:1      | 0 ||| PLANNING D:1-11
    43 | D:1      | 43 ||| FLEEEEING.
    44 | D:1      | 44 ||| FLEEEEING.
    45 | D:1      | 45 ||| FLEEEEING.
    46 | D:1      | 46 ||| FLEEEEING.
    47 | D:1      | 47 ||| FLEEEEING.
    48 | D:1      | 48 ||| FLEEEEING.
    49 | D:1      | 49 ||| FLEEEEING.
    51 | D:1      | 51 ||| FLEEEEING.
    52 | D:1      | 52 ||| FLEEEEING.
    54 | D:1      | 54 ||| FLEEEEING.
    56 | D:1      | 56 ||| FLEEEEING.
    57 | D:1      | 57 ||| FLEEEEING.
    94 | D:1      | Reached skill level 3 in Ranged Weapons
   105 | D:1      | Reached XP level 2. HP: 23/23 MP: 2/2
   837 | D:1      | 837 ||| UPGRADING to +0 ring mail.
   847 | D:1      | 847 ||| DROPPING +0 robe.
   848 | D:1      | 848 ||| UPGRADING to ring of positive energy.
   849 | D:1      | 849 ||| UPGRADING to +6 ring of dexterity.
   850 | D:1      | 850 ||| READING scroll labelled XIC FUIQ JADE.
   851 | D:1      | 851 ||| READING scroll labelled GULUTA EC EKINT.
   852 | D:1      | 852 ||| READING scroll labelled UWKAILALA.
   853 | D:1      | 853 ||| DRINKING 2 bubbling coppery potions.
   854 | D:1      | 854 ||| DROPPING scroll of poison.
   855 | D:1      | 855 ||| DROPPING potion of degeneration.
  1106 | D:2      | Noticed Robin
  1112 | D:2      | Reached XP level 3. HP: 29/29 MP: 3/3
  1114 | D:2      | HP: 7/29 [goblin/+0 club[Robin] (2)]
  1115 | D:2      | HP: 3/29 [goblin/+0 club[Robin] (1)]
  1116 | D:2      | Slain by a goblin

Levels and vault maps discovered:
D:1:      mrwooster_arrival_arrow, layout_basic
D:2:      wander_river, layout_loops_ring, uniq_robin

Skill      XL: |  1  2 |
---------------+-------+-----
Ranged Weapons | 3 |  3.7
Fighting       | 2 |  2.0
Dodging        | |  2.1
Spellcasting   | |  1.0
Hexes          | |  2.0

Action                     || total
---------------------------++-------
   Fire: Sling             ||    61
    Use: Scroll            ||     3
         Potion            ||     1
 Armour: Robe              ||     4
         Ring mail         ||     5
  Dodge: Dodged            ||    29

Table legend:
 A = Non-vault XP
 B = Vault XP
 C = Vault XP percentage of total XP
 D = Non-vault monster count
 E = Vault monster count
 F = Vault count percentage of total count
                 A         B        C        D         E       F
            +---------+---------+-------+---------+---------+-------
      Total |      32 |      17 |  34.7 |      22 |       9 |  29.0
            +---------+---------+-------+---------+---------+-------
        D:1 |      27 |       0 |   0.0 |      17 |       0 |   0.0
        D:2 |       5 |      17 |  77.3 |       5 |       9 |  64.3
            +---------+---------+-------+---------+---------+-------
